 Dungeon Crawl Stone Soup version 0.19-a0-1341-g3513869 (webtiles) character file.

123 lost the Skirmisher (level 4, -2/33 HPs)
             Began as a High Elf Fighter on Sept 1, 2016.
             Slain by an orc
             ... wielding a +0 falchion
              (6 damage)
             ... on level 3 of the Dungeon.
             The game lasted 00:02:56 (2168 turns).

lost the Skirmisher (High Elf Fighter)              Turns: 2168, Time: 00:02:57

Health: -2/33      AC:  8    Str: 16    XL:     4   Next: 80%
Magic:  5/5        EV: 10    Int: 16    God:
Gold:   61         SH:  0    Dex: 15    Spells: 0 memorised, 3 levels left

rFire  . . .     SeeInvis .     a - +0 long sword
rCold  . . .     Gourm    .     b - +0 scale mail
rNeg   . . .     Faith    .     (no shield)
rPois  .         Spirit   .     g - +0 helmet
rElec  .         Dismiss  .     (no cloak)
rCorr  .         Reflect  .     (no gloves)
MR     .....     Harm     .     (no boots)
Stlth  ..........               (no amulet)
                                (no ring)
                                (no ring)

@: brilliant, very slightly contaminated, hasted, very quick
A: no striking features
a: no special abilities


You were on level 3 of the Dungeon.
You were very hungry.

You visited 1 branch of the dungeon, and saw 3 of its levels.

You collected 61 gold pieces.

Inventory:

Hand Weapons
 a - a +0 long sword (weapon)
Armour
 b - a +0 scale mail (worn)
 c - a +0 shield
 g - a +0 helmet (worn)
Wands
 p - a wand of confusion (21/48)
Scrolls
 e - 2 scrolls of identify {unknown}
 i - 2 scrolls of noise {unknown}
 o - a scroll of teleportation {unknown}
 q - a scroll of magic mapping {unknown}
Potions
 d - 3 potions of might
 j - a potion of agility
Comestibles
 f - a bread ration
 k - 2 meat rations
 m - 2 slices of pizza


   Skills:
 + Level 3.8 Fighting
 * Level 3.7 Long Blades
 + Level 3.7 Armour
 + Level 1.2 Dodging
 - Level 2.6 Shields


You had 3 spell levels left.
You didn't know any spells.

Dungeon Overview and Level Annotations

Branches:
Dungeon (3/15)

Altars:
Makhleb
Zin


Message History

Something hits you but does no damage.
It was a potion of haste.
You feel yourself speed up.
The orc hits you but does no damage. x2; Something hits you but does no damage.
You are very lightly contaminated with residual magic.
Unknown command.
You closely miss something. The orc barely misses you.
You riposte.
You barely miss the orc. The orc closely misses you.
Unknown command.
You closely miss something. Something completely misses you.
The orc hits you but does no damage.
You hit something. Something hits you but does no damage.
The orc barely misses you.
You riposte.
You closely miss the orc.
The orc is almost dead.
You barely miss something. The orc hits you with a falchion.
* * * LOW HITPOINT WARNING * * *
Something hits you.
* * * LOW HITPOINT WARNING * * *
The orc hits you but does no damage.
You miss something. The orc hits you with a falchion.
You die...

###.....#.. #.
........#.# ..#..
........#.# .... .
........#.# ..# .#
........#.#####+#.## .#
#.........##.......#...
#...<####.##..........
#######.#.##......##.
#.#††.....@o+
#.........{o#
#####......####....
...........# .#..#
#####......# ......
#......# .#.....
#......# .......
#......# ## #.#.
#......#


You could see 2 orcs.

Vanquished Creatures
  Robin (D:2)
  A gnoll (D:1)
  An adder (D:2)
  An ooze (D:2)
  2 dart slugs
  2 giant geckos
  An orc (D:3)
  A ball python (D:1)
  4 bats (D:2)
  5 giant cockroaches
  19 goblins
  7 hobgoblins
  9 jackals
  12 kobolds
  A giant newt (D:3)
  6 rats
73 creatures vanquished.

Notes
Turn   | Place    | Note
-------+----------+-------------------------------------------
     0 | D:1      | lost the High Elf Fighter began the quest for the Orb.
     0 | D:1      | Reached XP level 1. HP: 16/16 MP: 2/2
   156 | D:1      | Reached XP level 2. HP: 21/21 MP: 3/3
   481 | D:1      | Reached XP level 3. HP: 11/26 MP: 4/4
  1543 | D:2      | Found a burning altar of Makhleb.
  1546 | D:2      | Found a glowing silver altar of Zin.
  1546 | D:2      | Noticed an Executioner
  1548 | D:2      | Reached XP level 4. HP: 29/32 MP: 5/5
  1549 | D:2      | Noticed an angel
  1775 | D:2      | Noticed Robin
  1808 | D:2      | Killed Robin
  2128 | D:3      | Reached skill level 1 in Dodging
  2168 | D:3      | Slain by an orc

Vault maps used:
D:1:      dpeg_arrival_rooms_b, supply_closet_lemuel
D:2:      grunt_temple_overflow_order_and_chaos_2, minmay_tetromino_s4,
          uniq_robin
D:3:      vehumet_crystals, first_bread, uniq_natasha

Skill      XL: |  1  2  3  4 |
---------------+-------------+-----
Armour         | 3 |  3.7
Long Blades    | 3 |  3.7
Dodging        | 1 |  1.2
Fighting       | |  3.8
Shields        | |  2.6

Action                   |  1- 3 |  4- 6 || total
-------------------------+-------+-------++-------
Melee: Long sword        |   135 |   109 ||   244
  Use: Potion            |       |     6 ||     6
  Eat: Chunk             |     2 |     1 ||     3
Armor: Scale mail        |    59 |    48 ||   107
       Skin              |       |    28 ||    28
Dodge: Dodged            |    48 |    55 ||   103
